 Dungeon Crawl Stone Soup version 0.29.1-13-g9f3cf754e1 (webtiles) character file.

Game seed: 4797259757250775391

5998 Silencio the Grappler (level 10, -14/92 HPs)
             Began as a Troll Berserker on Feb 3, 2023.
             Was an Elder of Trog.
             Demolished by a meliai simulacrum (19 damage)
             ... on level 10 of the Dungeon.
             The game lasted 00:33:09 (10213 turns).

Silencio the Grappler (Troll Berserker)            Turns: 10213, Time: 00:33:13

Health: -14/92     AC:  8    Str: 31    XL:     10   Next: 55%
Magic:  9/9        EV: 10    Int:  3    God:    Trog [****..]
Gold:   453        SH:  0    Dex:  9    Spells: 9/9 levels left

rFire   . . .      SeeInvis .     - Unarmed
rCold   . . .      Faith    .   (no shield)
rNeg    . . .      Spirit   .   O - +0 troll leather armour
rPois   .          Reflect  .   Q - +1 hat {Stlth+}
rElec   .          Harm     .   s - +0 cloak
rCorr   .          Rampage  .   (gloves unavailable)
Will    .....                   (boots unavailable)
Stlth   ++........              (no amulet)
HPRegen 1.85/turn               (no ring)
MPRegen 0.11/turn               (no ring)

@: no status effects
A: large, unfitting armour, claws 3, regeneration 1, shaggy fur 1, tough skin 1
a: Renounce Religion, Berserk, Trog's Hand, Brothers in Arms


You were on level 10 of the Dungeon.
You worshipped Trog.
Trog was greatly pleased with you.
You visited 1 branch of the dungeon, and saw 10 of its levels.

You collected 453 gold pieces.

Inventory:

Hand Weapons
 n - a +0 dagger of protection
 r - a +4 quarterstaff of chaos
 t - a +0 hammer
 u - a +0 giant spiked club
 z - a +2 vorpal halberd
 F - a +2 flail of draining
Missiles
 p - 3 datura-tipped darts (quivered)
 w - 14 poisoned darts
 A - 6 atropa-tipped darts
 D - a throwing net
 L - 2 javelins
Armour
 a - a +0 animal skin
 h - a +1 hat
 o - a +0 robe
 s - a +0 cloak (worn)
 G - a +0 helmet
 O - a +0 troll leather armour (worn)
 Q - a +1 hat of stealth (worn)
Jewellery
 x - a ring of magical power
 y - a ring of magical power
 C - a ring of willpower
Wands
 I - a wand of mindburst (34)
 J - a wand of acid (6)
 M - a wand of roots (5)
 N - a wand of charming (4)
Scrolls
 d - 3 scrolls of blinking {unknown}
 e - a scroll of enchant weapon {unknown}
 g - 2 scrolls of poison {unknown}
 i - 2 scrolls of vulnerability {unknown}
 j - 2 scrolls of brand weapon {unknown}
 k - 7 scrolls of identify
 l - a scroll of amnesia {unknown}
 v - a scroll of butterflies {unknown}
 B - 3 scrolls of immolation {unknown}
Potions
 b - 3 potions of resistance {unknown}
 c - a potion of might {unknown}
 f - 2 potions of heal wounds {unknown}
 m - a potion of haste {unknown}
 q - 3 potions of curing
 E - 2 potions of mutation {unknown}
 H - a potion of flight {unknown}
 K - a potion of brilliance {unknown}
 P - 2 potions of ambrosia {unknown}


   Skills:
 + Level 4.1 Fighting
 + Level 1.2 Armour
 + Level 5.6 Dodging
 * Level 14.2 Unarmed Combat


You had 9 spell levels left.
You didn't know any spells.
Your spell library was empty.

Dungeon Overview and Level Annotations

Branches:
Dungeon (10/15)            Temple (0/1) D:4
   Lair: D:8-11         Orc: D:9-12

Altars:
Fedhas
Hepliaklqana
Okawaru
Sif Muna
Trog
Uskayaw

Annotations:
D:2 Sigmund


Innate Abilities, Weirdness & Mutations

You are too large for most types of armour.
You have claws for hands.
Your natural rate of healing is unusually fast.
You are covered in fur. (AC +1)
You have tough skin. (AC +1)


Message History

HP restored.
You enter the shallow water.
Moving in this stuff is going to be slow.
You now have 453 gold pieces (gained 13).
You enter the shallow water.
Moving in this stuff is going to be slow.
An ice beast comes into view.
An ice beast is nearby!
An ice beast is nearby!
A wolf comes into view.
Found 12 gold pieces.
A meliai simulacrum comes into view.
The wolf howls!
You completely miss the ice beast. You claw the ice beast.
The ice beast is lightly wounded.
You closely miss the ice beast.
The ice beast is lightly wounded.
The meliai simulacrum hits you. The meliai simulacrum freezes you!
The meliai simulacrum closely misses you.
The ice beast barely misses you. The wolf barely misses you.
You mangle the ice beast!! You claw the ice beast.
You kill the ice beast!
Trog accepts your kill.
The meliai simulacrum closely misses you.
The meliai simulacrum hits you. The meliai simulacrum freezes you!
The wolf completely misses you.
You closely miss the wolf. The meliai simulacrum hits you!
The meliai simulacrum freezes you!! The meliai simulacrum hits you.
The meliai simulacrum freezes you!
* * * LOW HITPOINT WARNING * * *
The wolf bites you.
* * * LOW HITPOINT WARNING * * *
The meliai simulacrum hits you.
* * * LOW HITPOINT WARNING * * *
The meliai simulacrum freezes you!
* * * LOW HITPOINT WARNING * * *
The meliai simulacrum hits you!
* * * LOW HITPOINT WARNING * * *
The meliai simulacrum freezes you!!
You die...

#...≈~.....##...#
#..~≈~~....##.#.##
#..~~~~~....#.....
#####..≈~~~≈..#.#.....
#.....~~≈~~~.......∩..
#.......†~~...........
#.....~≈..~~..........
###...$................#
.......@.....##......<.#
......hZ###########....#
........# #.##.#
#.......# #.# <.
#...8...# #.. ..
#.$.....# ... .#
#.......# ... ##
#........


You could see a wolf and a meliai simulacrum.

Vanquished Creatures
  Gastronok (D:9)
  A tengu conjurer (D:9)
  A troll (D:9)
  A hornet (D:7)
  5 yaks (D:7)
  3 water moccasins
  A sky beast (D:8)
  An orc warrior (D:9)
  3 ice beasts
  3 black bears (D:6)
  4 ogres
  A centaur (D:9)
  A phantom (D:6)
  Blork the orc (D:6)
  A bullfrog (D:8)
  A kobold brigand (D:7)
  3 scorpions
  9 wights (D:9)
  2 howler monkeys
  An electric eel (D:10)
  A jelly (D:8)
  3 hounds
  2 gnoll boudas (D:5)
  6 orc priests
  Crazy Yiuf (D:2)
  Jessica (D:2)
  5 iguanas
  7 orc wizards
  Robin (D:2)
  21 gnolls
  6 adders
  A white imp (D:10)
  4 dart slugs
  29 orcs
  6 bats
  10 endoplasms
  4 giant cockroaches
  16 goblins
  4 hobgoblins
  3 jackals (D:1)
  A quokka (D:3)
  5 ball pythons
  8 frilled lizards
  7 kobolds
  7 rats
203 creatures vanquished.

Vanquished Creatures (others)
  4 fungi (D:8)
  7 plants (D:1)
11 creatures vanquished.

Grand Total: 214 creatures vanquished

Notes
Turn   | Place    | Note
-------+----------+-------------------------------------------
     0 | D:1      | Silencio the Troll Berserker began the quest for the Orb.
     0 | D:1      | Reached XP level 1. HP: 22/22 MP: 0/0
    94 | D:1      | Reached XP level 2. HP: 22/29 MP: 1/1
   359 | D:1      | Found a faded altar of an unknown god.
   365 | D:1      | Reached XP level 3. HP: 36/36 MP: 2/2
   384 | D:1      | Reached ** piety under Trog
  1092 | D:2      | Noticed Sigmund
  1134 | D:3      | Reached skill level 4 in Unarmed Combat
  1468 | D:3      | Reached XP level 4. HP: 39/44 MP: 3/3
  1702 | D:3      | Noticed an ogre
  1891 | D:2      | Noticed Jessica
  1896 | D:2      | Killed Jessica
  2214 | D:2      | Noticed Robin
  2230 | D:2      | Reached XP level 5. HP: 46/52 MP: 4/4
  2231 | D:2      | Killed Robin
  2232 | D:2      | Reached skill level 5 in Unarmed Combat
  2719 | D:2      | Found a runed translucent door.
  2720 | D:2      | Noticed Crazy Yiuf
  3075 | D:2      | Killed Crazy Yiuf
  3197 | D:3      | Reached *** piety under Trog
  3416 | D:3      | Killed an ogre
  3417 | D:3      | Reached skill level 6 in Unarmed Combat
  3417 | D:3      | Reached XP level 6. HP: 59/59 MP: 5/5
  4848 | D:4      | Found a staircase to the Ecumenical Temple.
  4869 | D:4      | Reached skill level 7 in Unarmed Combat
  4869 | D:4      | Reached XP level 7. HP: 66/66 MP: 6/6
  5541 | D:5      | Entered Level 5 of the Dungeon
  5823 | D:5      | Reached skill level 8 in Unarmed Combat
  5918 | D:5      | Found a bloodstained altar of Trog.
  6026 | D:5      | Reached **** piety under Trog
  6037 | D:5      | Reached XP level 8. HP: 61/75 MP: 7/7
  6708 | D:6      | Reached skill level 9 in Unarmed Combat
  7556 | D:6      | Reached skill level 10 in Unarmed Combat
  7620 | D:6      | Noticed Blork the orc
  7632 | D:6      | Killed Blork the orc
  7882 | D:7      | Reached XP level 9. HP: 67/83 MP: 8/8
  7996 | D:7      | Reached skill level 11 in Unarmed Combat
  8013 | D:7      | Reached skill level 12 in Unarmed Combat
  8049 | D:7      | Found an iron altar of Okawaru.
  8210 | D:7      | Reached skill level 5 in Dodging
  8513 | D:7      | Found a blossoming altar of Fedhas.
  9130 | D:8      | Found a hazy altar of Hepliaklqana.
  9154 | D:8      | Noticed a cyclops
  9299 | D:9      | Reached skill level 13 in Unarmed Combat
  9322 | D:9      | Reached XP level 10. HP: 92/92 MP: 9/9
  9344 | D:9      | Found a hide-covered altar of Uskayaw.
  9388 | D:9      | Found a shimmering blue altar of Sif Muna.
  9738 | D:9      | Noticed Gastronok
  9790 | D:9      | Killed Gastronok
  9791 | D:9      | Reached skill level 1 in Armour
  9791 | D:9      | Reached skill level 14 in Unarmed Combat
 10179 | D:10     | Entered Level 10 of the Dungeon
 10213 | D:10     | Demolished by a meliai simulacrum

Illustrated notes

Levels and vault maps discovered:
D:1:      dpeg_arrival_oval, layout_loops_ring,
          chequers_ecumenical_altar_simple_redux,
          chequers_serial_rivers_large_b, minmay_lizard_king
D:2:      layout_loops_corners, minmay_misc_feat_hallway, uniq_sigmund,
          uniq_jessica, uniq_robin, uniq_crazy_yiuf_cottage
D:3:      minmay_spotlight, layout_loops_ring, minivault_24,
          minmay_misc_feat_more_columns, grunt_ministairs_3
D:4:      layout_gridville, minmay_temple_entry_proselytizer,
          minmay_stone_trees_small
D:5:      layout_basic, trog_book
D:6:      layout_loops_cross, uniq_blork_the_orc
D:7:      layout_cave_pools, marbit_many_paths, okawaru_ov_weapons_minmay,
          enter_bailey_6
D:8:      layout_rooms, worldfamousw_hep_ancestral_shrine, fungi_pond_lemuel
D:9:      layout_stronghold, mainiacjoe_overflow_paths,
          mainiacjoe_overflow_boulevard, minivault_24, serial_park_tiny_1,
          uniq_gastronok
D:10:     layout_rooms, nicolae_overflow_hidden_temple, kennysheep_mini,
          kb_xom_exploding_sheep, gammafunk_temple_overflow_elements,
          minmay_orc_entry_guard_dogs, serial_ice, serial_ice_l, serial_ice_e,
          serial_ice_b, serial_ice_g, serial_ice_h, serial_ice_f, serial_ice_a,
          minmay_hedge_maze, uniq_maggie

Skill      XL: |  1  2  3  4  5  6  7  8  9 10 |
---------------+-------------------------------+-----
Unarmed Combat | 4 6 7 8 10 13 14 | 14.2
Dodging        | 3 4 5 |  5.6
Fighting       | 3 4 |  4.1
Armour         | 1 |  1.2

Action                   |  1- 3 |  4- 6 |  7- 9 | 10-12 || total
-------------------------+-------+-------+-------+-------++-------
Melee: Unarmed           |    96 |    92 |   241 |    55 ||   484
       Punch             |     1 |     3 |    16 |     3 ||    23
Invok: Berserk           |     1 |     3 |     3 |     1 ||     8
       Trog's Hand       |       |       |     1 |       ||     1
       Brothers in Arms  |       |       |       |     1 ||     1
  Use: Scroll            |       |       |     1 |       ||     1
       Potion            |       |       |     1 |       ||     1
Armor: Animal skin       |    18 |    30 |    90 |     5 ||   143
       Troll leather arm |       |       |       |    15 ||    15
Dodge: Dodged            |    49 |    44 |   113 |    28 ||   234
